 Dungeon Crawl Stone Soup version 0.19.1 (webtiles) character file.

557 Kit the Skirmisher (level 7, -3/62 HPs)
             Began as a Minotaur Fighter on Nov 30, 2016.
             Killed by divine providence
             ... invoked by an orc priest
              (11 damage)
             ... on level 7 of the Dungeon.
             The game lasted 00:06:19 (2690 turns).

Kit the Skirmisher (Minotaur Fighter)               Turns: 2690, Time: 00:06:19

Health: -3/62      AC:  7    Str: 23    XL:     7   Next: 9%
Magic:  6/6        EV:  8    Int:  5    God:
Gold:   213        SH: 10    Dex:  9    Spells: 0 memorised, 6 levels left

rFire  . . .     SeeInvis .     a - +0 war axe
rCold  . . .     Gourm    .     b - +0 scale mail
rNeg   . . .     Faith    .     c - +0 shield
rPois  .         Spirit   .     (helmet restricted)
rElec  .         Reflect  .     (no cloak)
rCorr  .         Harm     .     (no gloves)
MR     .....                    (no boots)
Stlth  ..........               (no amulet)
                                (no ring)
                                (no ring)

@: no status effects
A: retaliatory headbutt, horns 2
a: no special abilities


You were on level 7 of the Dungeon.
You were not hungry.

You visited 1 branch of the dungeon, and saw 6 of its levels.

You collected 213 gold pieces.

Inventory:

Hand Weapons
 a - a +0 war axe (weapon)
Armour
 b - a +0 scale mail (worn)
 c - a +0 shield (worn)
Scrolls
 d - 2 scrolls of fear
 e - 3 scrolls of enchant armour
 g - 3 scrolls of teleportation
 k - a scroll of magic mapping
 o - a scroll of blinking {unknown}
 p - a scroll of enchant weapon {unknown}
 r - 2 scrolls of remove curse
 s - 3 scrolls of random uselessness {unknown}
 t - a scroll of amnesia {unknown}
 u - a scroll of fog {unknown}
Potions
 h - 6 potions of curing
Comestibles
 f - 3 bread rations
 i - 2 beef jerkies
 l - a royal jelly
 m - 2 fruits
 n - 3 chunks of flesh
 q - 3 meat rations


   Skills:
 + Level 5.9 Fighting
 + Level 4.8 Axes
 + Level 5.9 Armour
 + Level 5.7 Shields


You had 6 spell levels left.
You didn't know any spells.

Dungeon Overview and Level Annotations

Branches:
Dungeon (5/15)
 Temple: D:4-7

Altars:
Trog
Vehumet
Zin

Shops:
D:4 *


Innate Abilities, Weirdness & Mutations

You reflexively headbutt those who attack you in melee.
You have a pair of horns on your head.


Message History

The orc priest is moderately wounded.
The orc priest barely misses you.
You closely miss the orc priest.
The orc priest is moderately wounded.
The orc priest calls down the wrath of Beogh upon you.
Beogh smites you! You block the orc priest's attack.
You closely miss the orc priest.
The orc priest is moderately wounded.
The orc priest calls down the wrath of Beogh upon you.
Pain shoots through your body!
* * * LOW HITPOINT WARNING * * *
You hit the orc priest.
The orc priest is heavily wounded.
You block the orc priest's attack.
You hit the orc priest but do no damage.
Your headbutt misses the orc priest.
The orc priest is heavily wounded.
The orc priest invokes the aid of Beogh against you.
Beogh smites you!
You die...

###### #....#
#.#.##
#.#.#########
#.##.#.....@o..#
#....#########.#
# #.####
#$##.### ..
#o..o..# #.#
#Zo#.#.# # #...
# ..... .##.>..
#. ###.##


You could see an orc priest.

Vanquished Creatures
  Sigmund (D:3)
  2 bullfrogs (D:7)
  An iguana (D:4)
  A worker ant (D:4)
  A hound zombie (D:7)
  4 gnolls (D:7)
  A howler monkey skeleton (D:4)
  7 adders
  An ooze (D:3)
  2 dart slugs
  3 worms
  2 leopard geckos
  9 orcs
  5 giant cockroaches
  4 goblins
  5 hobgoblins
  8 jackals (D:3)
  6 kobolds
  2 quokkas (D:2)
  4 bats
  8 frilled lizards
  8 rats
85 creatures vanquished.

Notes
Turn   | Place    | Note
-------+----------+-------------------------------------------
     0 | D:1      | Kit the Minotaur Fighter began the quest for the Orb.
     0 | D:1      | Reached XP level 1. HP: 19/19 MP: 0/0
   258 | D:1      | Reached XP level 2. HP: 22/27 MP: 1/1
   823 | D:2      | Reached XP level 3. HP: 33/33 MP: 2/2
  1084 | D:2      | Reached XP level 4. HP: 39/41 MP: 3/3
  1139 | D:3      | Noticed Sigmund
  1147 | D:3      | Killed Sigmund
  1147 | D:3      | Reached skill level 5 in Fighting
  1147 | D:3      | Reached skill level 5 in Armour
  1147 | D:3      | Reached XP level 5. HP: 36/48 MP: 4/4
  1157 | D:3      | Reached skill level 5 in Shields
  1313 | D:3      | Found a radiant altar of Vehumet.
  1555 | D:3      | Found a glowing silver altar of Zin.
  1775 | D:3      | Reached XP level 6. HP: 54/56 MP: 5/5
  1942 | D:3      | Found a bloodstained altar of Trog.
  2376 | D:4      | Found Piuv's Elemental Accessories.
  2460 | D:5      | Entered Level 5 of the Dungeon
  2481 | D:5      | You fall through a shaft for 2 floors!
  2667 | D:7      | Reached XP level 7. HP: 62/62 MP: 6/6
  2690 | D:7      | Killed from afar by an orc priest

Skill      XL: |  1  2  3  4  5 |
---------------+----------------+-----
Armour         | 4 5 |  5.9
Fighting       | 4 5 |  5.9
Shields        | 4 5 |  5.7
Axes           | 3 4 |  4.8

Action                   |  1- 3 |  4- 6 |  7- 9 || total
-------------------------+-------+-------+-------++-------
Melee: War axe           |   123 |   106 |    15 ||   244
       Headbutt          |    18 |    21 |     4 ||    43
  Use: Potion            |       |     1 |       ||     1
       Scroll            |       |     7 |       ||     7
  Eat: Chunk             |     1 |     4 |       ||     5
       Fruit             |       |     1 |       ||     1
Armor: Scale mail        |    53 |    34 |     4 ||    91
Dodge: Dodged            |    26 |    30 |     1 ||    57
Block: Shield            |    64 |    65 |     6 ||   135
